 Dungeon Crawl Stone Soup version 0.30.0-29-ga12c61a403 (webtiles) character file.

Game seed: 8690706513979111751

201410 qw the Severer (level 18, -17/120 HPs)
             Began as a Gargoyle Fighter on June 4, 2023.
             Was an Elder of Okawaru.
             Demolished by an ironbound frostheart (19 damage)
             ... led by a vault warden
             ... on level 1 of the Vaults.
             The game lasted 00:17:21 (29803 turns).

qw the Severer (Gargoyle Fighter)                  Turns: 29803, Time: 00:17:21

Health: -17/120    AC: 56    Str: 33    XL:     18   Next: 54%
Magic:  19/25      EV: 14    Int: 11    God:    Okawaru [****..]
Gold:   2631       SH: 15    Dex: 15    Spells: 17/17 levels left

rFire   . . .        E - +8 broad axe of the Land of Plenty {protect, Will+ Str+3}
rCold   . . .        z - +0 kite shield
rNeg    + . .        C - +1 plate armour of Tartarus {+Inv Regen+ Str-4}
rPois   inf          (helmet restricted)
rElec   +            p - +2 cloak {rCorr}
rCorr   +            k - +2 pair of gloves
SInv    +            r - +2 pair of boots
Will    ++...        y - amulet "Ussiewod" {*Slow Regen+ Str+4 Dex+4} Stlth
                     K - +4 ring of protection
HPRegen 2.00/turn    b - ring of see invisible
MPRegen 0.19/turn

%: slow self (1%)
@: about to teleport, heroic, finesse-ful, frozen, under a protective aura,
flying, very slow
A: sickness immunity, AC +13, big wings, negative energy resistance 1,
electricity resistance, torment resistance 1, petrification resistance, horns 1,
agile 1, clever 1, strong 1
}: 1/15 runes: decaying
a: Renounce Religion, Evoke Invisibility, Heroism, Finesse


You were on level 1 of the Vaults.
You worshipped Okawaru.
Okawaru was greatly pleased with you.
You visited 7 branches of the dungeon, and saw 31 of its levels.
You also visited: Ossuary.

You collected 3163 gold pieces.
You spent 532 gold pieces at shops.


Innate Abilities, Weirdness & Mutations

You are immune to sickness and miasma.
Your stone body is resilient. (AC +13)
You are immune to poison.
Your large and strong wings let you fly.
You resist negative energy. (rN+)
You are resistant to electric shocks. (rElec)
You are resistant to unholy torment.
You are immune to petrification.
You have a pair of small horns on your head.
You are agile. (Dex +4, Str/Int -1)
Your mind is acute. (Int +4, Str/Dex -1)
Your muscles are strong. (Str +4, Int/Dex -1)


   Skills:
 - Level 16.0(21.0) Fighting
 - Level 18.0(23.0) Axes
 - Level 7.0(12.0) Throwing
 + Level 14.6(19.6) Armour
 - Level 6.0(11.0) Dodging
 - Level 15.0(20.0) Shields
 - Level 10.1 Invocations


You had 17 spell levels left.
You didn't know any spells.
Your spell library was empty.

Inventory:

Hand Weapons
 A - a +1 broad axe
 E - the +8 broad axe of the Land of Plenty (weapon) {protect, Will+ Str+3}
   (Okawaru gifted it to you on level 13 of the Dungeon)

   Str:       It affects your strength (+3).
   Will:      It increases your willpower.
Missiles
 l - 23 boomerangs
 n - 3 silver boomerangs
 D - 6 javelins (quivered)
Armour
 c - +0 acid dragon scales
 k - a +2 pair of gloves (worn)
 o - a +2 chain mail of fire resistance
 p - a +2 cloak of preservation (worn)
 r - a +2 pair of boots (worn)
 u - the +3 hat of Pondering {ponderous, Will+ MP+10 Int+5}
   (You took it off Gastronok on level 3 of the Lair of Beasts)

   Int:       It affects your intelligence (+5).
   MP:        It affects your magic capacity (+10).
   Will:      It increases your willpower.
 x - the +1 scale mail of Oloehemacs {rC++}
   (Okawaru gifted it to you on level 5 of the Lair of Beasts)

   rC:        It greatly protects you from cold.
 z - a +0 kite shield (worn)
 C - the +1 plate armour of Tartarus (worn) {+Inv Regen+ Str-4}
   (You took it off a skeletal warrior on level 15 of the Dungeon)

   Str:       It affects your strength (-4).
   +Inv:      It lets you turn invisible.
   Regen:     It increases your rate of health regeneration.
 F - +0 ice dragon scales
Jewellery
 b - a ring of see invisible (right hand)
 s - a ring of resist corrosion
 v - a ring of resist corrosion
 w - a ring of ice
 y - the amulet "Ussiewod" (around neck) {*Slow Regen+ Str+4 Dex+4}
   (You found it on level 4 of the Lair of Beasts)

   [amulet of regeneration]

   Str:       It affects your strength (+4).
   Dex:       It affects your dexterity (+4).
   Regen:     It increases your rate of health regeneration.
   *Slow:     It may slow you when you take damage.
 I - a +6 ring of strength
 J - a ring of fire
 K - a +4 ring of protection (left hand)
Wands
 G - a wand of digging (10)
Scrolls
 g - 2 scrolls of teleportation
 h - a scroll of brand weapon
 i - 19 scrolls of identify
 H - 2 scrolls of enchant weapon
Potions
 a - 4 potions of resistance
 d - 5 potions of might
 e - 4 potions of lignification
 f - 7 potions of curing
 j - 5 potions of magic
 m - 5 potions of attraction
 q - 4 potions of haste
 t - 4 potions of cancellation
 B - 5 potions of mutation

Dungeon Overview and Level Annotations

Branches:
Dungeon (15/15)            Temple (1/1) D:6            Lair (5/5) D:8
  Swamp (4/4) Lair:3       Spider (3/4) Lair:3        Slime (0/5) Lair:5
    Orc (2/2) D:9             Elf (0/3) Orc:2        Vaults (1/5) D:14
 Depths (0/4) D:15        Ossuary (visited)

Altars:
Ashenzari
Cheibriados
Dithmenos
Elyvilon
Fedhas
Gozag
Hepliaklqana
Kikubaaqudgha
Makhleb
Nemelex Xobeh
Okawaru
Qazlal
Ru
Sif Muna
Trog
Uskayaw
Vehumet
Wu Jian
Xom
Yredelemnul
Zin
The Shining One

Shops:
D:3 (?   D:7 :   D:9 ?   Orc:1 :   Orc:2 *[?[

Portals:
Trove: D:14 (give 2 scrolls of acquirement)

Annotations:
D:5 1 runed translucent door, Crazy Yiuf
D:14 1 runed translucent door, Kapsuk's ghost, journeyman DECj
Orc:2 2 transporters, qw's ghost, adept GrFi


Message History

You kill the deep troll!
Okawaru accepts your kill.
You barely miss the entropy weaver. You slash the ironbound frostheart!
You slash the entropy weaver!
The entropy weaver is moderately wounded.
You closely miss the ironbound frostheart.
The entropy weaver hits you! You block the entropy weaver's attack.
The entropy weaver hits you. The entropy weaver hits you!
The ironbound frostheart calls freezing cold from the walls.
The frost grips you!
You are encased in ice.
A wizard comes into view. It is wielding a +0 dagger.
A centaur warrior comes into view.
29800 ||| READING 3 scrolls of teleportation.
As you read the scroll of teleportation, it crumbles to dust.
You feel strangely unstable. You block the entropy weaver's attack.
The entropy weaver hits you but does no damage.
The entropy weaver misses you.
The entropy weaver hits you but does no damage.
The ironbound frostheart closely misses you.
You barely miss the entropy weaver.
The entropy weaver is moderately wounded.
You slash the ironbound frostheart! You slice the entropy weaver!!
Your headbutt misses the entropy weaver.
The entropy weaver is heavily wounded.
You slash the ironbound frostheart! You slice the entropy weaver!!
The entropy weaver closely misses you. x2
The entropy weaver hits you but does no damage.
You block the entropy weaver's attack.
You slice the entropy weaver!!
Your headbutt misses the entropy weaver.
The entropy weaver is almost dead.
You slice the entropy weaver!! You slash the ironbound frostheart!
The entropy weaver hits you! The entropy weaver hits you.
You block the entropy weaver's attack.
The entropy weaver hits you but does no damage.
The ironbound frostheart touches you! The ironbound frostheart freezes you!!
You die...

## (# #.....# ..#
#.....#########'##'##
#.....#......#Bp.....
#.....#......@pc...p.
#.....#......#B......
#.....#......###+##'#
#.....#......#
#.....'......#
#.....########
#.....#
#.....############
#.....#..........#


You could see 2 entropy weavers, an ironbound frostheart, a centaur warrior, an
ironbound convoker (catching breath) and a wizard.

Vanquished Creatures
  the Lernaean hydra (Swamp:4)
  Nikola (Swamp:4)
  A tentacled monstrosity (Swamp:2)
  Jorgrun (Swamp:3)
  Frances (Swamp:1)
  Gastronok (Lair:3)
  A thorn hunter (Swamp:2)
  A fenstrider witch (Swamp:4)
  A frost giant (Vaults:1)
  An emperor scorpion (Spider:2)
  A vault warden (Vaults:1)
  Aizul (Spider:1)
  2 ghouls (Swamp:2)
  2 ironbound thunderhulks (Vaults:1)
  3 ironbound preservers (Vaults:1)
  A broodmother (Spider:3)
  2 eleionomae
  4 bunyips
  A spark wasp (Spider:3)
  Snorg (D:12)
  A fire dragon (D:15)
  3 entropy weavers
  A spriggan air mage (Swamp:2)
  An ice dragon (D:15)
  20 hydras
  2 ogre magi
  An ironbound frostheart (Vaults:1)
  3 centaur warriors
  3 catoblepae
  A death knight (D:15)
  3 two-headed ogres
  11 alligators
  7 death yaks
  A boulder beetle (D:15)
  3 tengu warriors
  A deep troll shaman (Lair:5)
  4 orc high priests
  Nergalle (Lair:3)
  9 skeletal warriors
  Amaemon (Lair:1)
  15 deep trolls (Vaults:1)
  3 sun moths
  5 goliath frogs
  4 pharaoh ants
  A death drake (Swamp:3)
  3 bog bodies
  5 spriggan druids
  14 swamp dragons
  A tengu zombie (Vaults:1)
  A glowing orange brain (Vaults:1)
  A lindwurm (Vaults:1)
  An orb spider (Spider:1)
  A necromancer (Vaults:1)
  An ironbound convoker (Vaults:1)
  6 orc knights
  4 steelbarb worms
  A wizard (D:15)
  5 orc sorcerers
  A deep elf pyromancer (D:12)
  4 cyclopes
  15 ugly things
  9 wolf spiders
  2 moths of wrath
  6 will-o-the-wisps
  3 manticores
  26 elephants
  A guardian serpent (shapeshifter) (D:15)
  4 demonic crawlers
  2 torpor snails
  4 black mambas
  A gargoyle (D:12)
  An orange demon (Lair:1)
  A vault sentinel (Vaults:1)
  14 cane toads
  7 rime drakes
  4 unseen horrors
  Psyche (D:10)
  An unseen horror zombie (D:8)
  13 yaktaurs
  2 freezing wraiths (D:15)
  3 tengu conjurers (D:15)
  12 komodo dragons
  A kobold demonologist (D:14)
  2 efreet
  7 trolls
  2 bloated husks
  5 tarantellas
  6 hornets
  6 polar bears
  A tarantella (shapeshifter) (D:10)
  14 tyrant leeches
  10 blink frogs
  A raiju (shapeshifter) (D:13)
  9 dream sheep
  A stone giant simulacrum (Vaults:1)
  6 culicivoras
  20 slime creatures
  A slime creature (shapeshifter) (D:15)
  12 jumping spiders
  7 wyverns
  6 spriggans
  2 wraiths (D:15)
  24 yaks
  A deep troll skeleton (Vaults:1)
  4 basilisks
  A steam dragon (D:6)
  14 vampire mosquitoes
  37 redbacks
  A warg (D:9)
  6 swamp worms
  11 water moccasins
  3 acid dragons
  A black bear (D:7)
  22 orc warriors
  A sky beast (D:6)
  10 swamp drakes
  7 centaurs
  4 boggarts
  14 ogres
  29 wolves
  14 kobold brigands
  Blork the orc (D:4)
  11 bullfrogs
  5 necrophages
  5 scorpions
  2 wyvern zombies (D:8)
  2 gnoll sergeants
  25 wights
  13 killer bees
  8 howler monkeys
  4 electric eels (D:8)
  3 centaur zombies
  4 crimson imps (D:6)
  5 hounds
  A human zombie (D:8)
  4 jellies
  17 orc priests
  3 gnoll boudas
  A sleepcap (D:7)
  7 iguanas
  18 orc wizards
  3 killer bee zombies (D:8)
  4 mummies
  Robin (D:4)
  18 gnolls
  7 adders
  A shadow imp (D:5)
  3 white imps
  An ufetubus (D:7)
  A worm (D:2)
  A dart slug (D:3)
  59 orcs
  2 ball pythons (D:4)
  3 bats
  4 endoplasms
  2 giant cockroaches
  13 goblins
  8 hobgoblins
  3 jackals (D:3)
  A quokka (D:1)
  A frilled lizard (D:3)
  2 hobgoblin zombies (Ossuary)
  18 kobolds
  A rat (D:1)
933 creatures vanquished.

Vanquished Creatures (others)
  A bunyip (Swamp:2)
  An alligator (Swamp:4)
  A swamp dragon (Swamp:4)
  2 bloated husks
  A swamp worm (Swamp:1)
  A hobgoblin (D:4)
  3 kobolds (D:8)
  18 foxfires
28 creatures vanquished.

Grand Total: 961 creatures vanquished

Notes
Turn   | Place    | Note
-------+----------+-------------------------------------------
     0 | D:1      | qw the Gargoyle Fighter began the quest for the Orb.
     0 | D:1      | Reached XP level 1. HP: 14/14 MP: 1/1
     0 | D:1      | 0 ||| qw: Version: 0.2-a-107-g4668610
     0 | D:1      | 0 ||| qw: Game counter: 1295
     0 | D:1      | 0 ||| qw: Always use a shield: true
     0 | D:1      | 0 ||| qw: God list: Okawaru
     0 | D:1      | 0 ||| qw: Allow faded altars: false
     0 | D:1      | 0 ||| qw: Do Orc after D:15 true
     0 | D:1      | 0 ||| qw: Do second Lair branch before Depths: true
     0 | D:1      | 0 ||| qw: Lair rune preference: random
     0 | D:1      | 0 ||| qw: Plans: Normal, Zot:1-4, Slime:5, God:TSO, Crypt,
                  | Tomb, Abyss, Pan, Hells, Win
     0 | D:1      | 0 ||| PLANNING D:1-11
    93 | D:1      | 93 ||| Stepping ~*~*~tactically~*~*~ (stealth).
   102 | D:1      | Reached skill level 2 in Axes
   111 | D:1      | HP: 3/14 [frozen (5)]
   349 | D:1      | Reached XP level 2. HP: 14/19 MP: 2/2
   954 | D:1      | 954 ||| READING 2 scrolls labelled EFYVVA EBUEDWI.
   955 | D:1      | 955 ||| READING scroll labelled OSUGISHRA BYESO.
   958 | D:1      | 958 ||| READING scroll labelled ENUYLOBOOC.
   959 | D:1      | 959 ||| READING scroll labelled ZACOBO CIALOZ.
  1000 | D:2      | 1000 ||| STAIRDANCE
  1080 | D:2      | Reached skill level 3 in Axes
  1320 | D:2      | Reached XP level 3. HP: 23/23 MP: 3/3
  1578 | D:2      | 1578 ||| UPGRADING to +0 chain mail.
  1588 | D:2      | 1588 ||| DROPPING +0 scale mail.
  1589 | D:2      | 1589 ||| UPGRADING to +6 ring of strength.
  1590 | D:2      | 1590 ||| READING 2 scrolls labelled HIRROPLIXZY.
  1591 | D:2      | 1591 ||| READING 4 scrolls of identify.
  1591 | D:2      | 1591 ||| IDENTIFYING brown potion
  1592 | D:2      | 1592 ||| READING 3 scrolls of identify.
  1592 | D:2      | 1592 ||| IDENTIFYING amethyst potion
  1593 | D:2      | 1593 ||| DROPPING potion of degeneration.
  1594 | D:2      | 1594 ||| DROPPING scroll of blinking.
  1608 | D:3      | Found Jonodug's Antique Weapon Shop.
  1612 | D:3      | 1612 ||| BUYING mace (63 gold).
  1612 | D:3      | Bought a mace for 63 gold pieces
  1612 | D:3      | 1612 ||| SHOPLISTING runed broad axe (147 gold, have 25).
  1612 | D:3      | 1612 ||| DROPPING +0 club.
  1732 | D:3      | Found a basalt altar of Yredelemnul.
  1732 | D:3      | Found an ornate altar of the Wu Jian Council.
  1732 | D:3      | Found a sparkling altar of Nemelex Xobeh.
  1807 | D:3      | Found a faded altar of an unknown god.
  1808 | D:3      | 1808 ||| DROPPING +0 mace.
  1859 | D:3      | Found a shadowy altar of Dithmenos.
  2048 | D:3      | Found Athriusamie's Magic Scroll Shoppe.
  2051 | D:3      | 2051 ||| BUYING scroll of identify (20 gold).
  2051 | D:3      | Bought a scroll of identify for 20 gold pieces
  2051 | D:3      | 2051 ||| SHOPLISTING scroll of teleportation (30 gold, have
                  | 17).
  2140 | D:3      | 2140 ||| FLEEEEING.
  2145 | D:3      | 2145 ||| FLEEEEING.
  2146 | D:3      | 2146 ||| FLEEEEING.
  2147 | D:3      | 2147 ||| FLEEEEING.
  2148 | D:3      | 2148 ||| FLEEEEING.
  2149 | D:3      | 2149 ||| FLEEEEING.
  2153 | D:3      | 2153 ||| FLEEEEING.
  2154 | D:3      | 2154 ||| FLEEEEING.
  2155 | D:3      | 2155 ||| FLEEEEING.
  2156 | D:3      | 2156 ||| FLEEEEING.
  2164 | D:3      | Reached XP level 4. HP: 27/28 MP: 4/4
  2175 | D:3      | Reached skill level 4 in Axes
  2342 | D:3      | 2342 ||| READING scroll labelled QAH HEUNEPP.
  2343 | D:3      | 2343 ||| READING scroll labelled DUDOHEN OCESYX.
  2344 | D:3      | 2344 ||| READING 4 scrolls of identify.
  2344 | D:3      | 2344 ||| IDENTIFYING bubbling yellow potion
  2410 | D:4      | 2410 ||| Stepping ~*~*~tactically~*~*~ (stealth).
  2415 | D:4      | Noticed Robin
  2437 | D:4      | Killed Robin
  2505 | D:4      | Found a radiant altar of Vehumet.
  2507 | D:4      | 2507 ||| FLEEEEING.
  2508 | D:4      | 2508 ||| FLEEEEING.
  2509 | D:4      | 2509 ||| FLEEEEING.
  2510 | D:4      | 2510 ||| FLEEEEING.
  2511 | D:4      | 2511 ||| FLEEEEING.
  2512 | D:4      | 2512 ||| FLEEEEING.
  2513 | D:4      | 2513 ||| FLEEEEING.
  2514 | D:4      | 2514 ||| FLEEEEING.
  2525 | D:4      | 2525 ||| FLEEEEING.
  2526 | D:4      | 2526 ||| FLEEEEING.
  2527 | D:4      | 2527 ||| FLEEEEING.
  2528 | D:4      | 2528 ||| FLEEEEING.
  2529 | D:4      | 2529 ||| STAIRDANCE
  2539 | D:3      | 2539 ||| UPGRADING to +0 helmet.
  2544 | D:3      | 2544 ||| READING scroll of enchant armour.
  2544 | D:3      | 2544 ||| ENCHANTING +0 helmet.
  2545 | D:3      | 2545 ||| UPGRADING to ring of see invisible.
  2546 | D:3      | 2546 ||| READING scroll labelled SUDDOWYQUNN.
  2547 | D:3      | 2547 ||| READING 3 scrolls of identify.
  2547 | D:3      | 2547 ||| IDENTIFYING fizzy coppery potion
  2582 | D:4      | 2582 ||| Stepping ~*~*~tactically~*~*~ (hiding).
  2721 | D:4      | Reached XP level 5. HP: 32/32 MP: 5/5
  2737 | D:4      | Noticed Blork the orc
  2738 | D:4      | 2738 ||| Stepping ~*~*~tactically~*~*~ (hiding).
  2747 | D:4      | Killed Blork the orc
  2748 | D:4      | Reached skill level 5 in Axes
  3196 | D:4      | 3196 ||| DRINKING 2 murky emerald potions.
  3301 | D:4      | 3301 ||| READING 3 scrolls of identify.
  3301 | D:4      | 3301 ||| IDENTIFYING fuming cyan potion
  3302 | D:4      | 3302 ||| READING 2 scrolls of identify.
  3302 | D:4      | 3302 ||| IDENTIFYING purple potion
  3303 | D:4      | 3303 ||| DROPPING potion of flight.
  3304 | D:4      | 3304 ||| DROPPING potion of berserk rage.
  3328 | D:5      | Entered Level 5 of the Dungeon
  3415 | D:5      | 3415 ||| FLEEEEING.
  3416 | D:5      | 3416 ||| FLEEEEING.
  3417 | D:5      | 3417 ||| FLEEEEING.
  3418 | D:5      | 3418 ||| FLEEEEING.
  3419 | D:5      | 3419 ||| FLEEEEING.
  3420 | D:5      | 3420 ||| FLEEEEING.
  3421 | D:5      | 3421 ||| FLEEEEING.
  3486 | D:5      | Reached XP level 6. HP: 38/38 MP: 6/6
  3493 | D:5      | Found a white marble altar of Elyvilon.
  3500 | D:5      | 3500 ||| Stepping ~*~*~tactically~*~*~ (stealth).
  3502 | D:5      | 3502 ||| Stepping ~*~*~tactically~*~*~ (stealth).
  3507 | D:5      | 3507 ||| Stepping ~*~*~tactically~*~*~ (hiding).
  3508 | D:5      | 3508 ||| Stepping ~*~*~tactically~*~*~ (hiding).
  3569 | D:5      | 3569 ||| READING scroll of enchant armour.
  3569 | D:5      | 3569 ||| ENCHANTING +1 helmet.
  3615 | D:5      | 3615 ||| Stepping ~*~*~tactically~*~*~ (stealth).
  3620 | D:5      | Reached skill level 6 in Axes
  3650 | D:5      | Reached skill level 1 in Dodging
  3660 | D:5      | Reached XP level 7. HP: 34/43 MP: 7/7
  3697 | D:5      | 3697 ||| READING scroll of enchant weapon.
  3697 | D:5      | 3697 ||| ENCHANTING +1 war axe.
  3709 | D:5      | 3709 ||| Stepping ~*~*~tactically~*~*~ (stealth).
  3732 | D:5      | 3732 ||| FLEEEEING.
  3733 | D:5      | 3733 ||| STAIRDANCE
  3749 | D:4      | 3749 ||| UPGRADING to +2 chain mail of fire resistance.
  3759 | D:4      | 3759 ||| DROPPING +0 chain mail.
  3760 | D:4      | 3760 ||| UPGRADING to +0 pair of boots.
  3765 | D:4      | 3765 ||| READING scroll labelled QIURGH MUDDU.
  3797 | D:5      | Reached skill level 7 in Axes
  3803 | D:5      | 3803 ||| Stepping ~*~*~tactically~*~*~ (hiding).
  3860 | D:5      | 3860 ||| DROPPING +0 flail.
  4057 | D:5      | 4057 ||| Stepping ~*~*~tactically~*~*~ (hiding).
  4058 | D:5      | 4058 ||| Stepping ~*~*~tactically~*~*~ (hiding).
  4071 | D:5      | Reached skill level 1 in Throwing
  4329 | D:5      | Found a runed translucent door.
  4330 | D:5      | Noticed Crazy Yiuf
  4379 | D:5      | 4379 ||| UPGRADING to +0 pair of gloves.
  4384 | D:5      | 4384 ||| READING scroll labelled ANAGOT PAONU.
  4385 | D:5      | 4385 ||| DRINKING 2 glowing purple potions.
  4386 | D:5      | 4386 ||| DROPPING potion of brilliance.
  4431 | D:6      | 4431 ||| PLANNING OSSUARY
  4442 | D:6      | Reached XP level 8. HP: 49/49 MP: 8/8
  4762 | D:6      | Found a staircase to the Ecumenical Temple.
  4875 | D:6      | Found a sand-covered staircase.
  4878 | D:6      | 4878 ||| DROPPING orb of wrath.
  4882 | D:6      | 4882 ||| DROPPING ring of flight.
  4883 | D:6      | 4883 ||| READING scroll labelled XYEKHIULEM.
  4890 | Ossuary  | Entered an ossuary
  4949 | Ossuary  | 4949 ||| FLEEEEING.
  4956 | Ossuary  | Reached skill level 8 in Axes
  5083 | Ossuary  | 5083 ||| READING scroll of enchant armour.
  5083 | Ossuary  | 5083 ||| ENCHANTING +0 pair of gloves.
  5099 | Ossuary  | 5099 ||| DRINKING 2 clear potions.
  5100 | Ossuary  | 5100 ||| DRINKING 2 grey potions.
  5108 | D:6      | 5108 ||| PLANNING TEMPLE
  5157 | Temple   | Entered the Ecumenical Temple
  5357 | Temple   | 5357 ||| PLANNING OKAWARU WORSHIP
  5361 | Temple   | Became a worshipper of Warmaster Okawaru
  5361 | Temple   | 5361 ||| PLANNING D:1-11
  5401 | D:6      | 5401 ||| STAIRDANCE
  5405 | D:6      | 5405 ||| STAIRDANCE
  5409 | D:6      | 5409 ||| STAIRDANCE
  5413 | D:6      | 5413 ||| STAIRDANCE
  5417 | D:6      | 5417 ||| STAIRDANCE
  5421 | D:6      | 5421 ||| STAIRDANCE
  5425 | D:6      | 5425 ||| STAIRDANCE
  5429 | D:6      | 5429 ||| STAIRDANCE
  5433 | D:6      | 5433 ||| STAIRDANCE
  5437 | D:6      | 5437 ||| STAIRDANCE
  5441 | D:6      | 5441 ||| STAIRDANCE
  5445 | D:6      | 5445 ||| STAIRDANCE
  5449 | D:6      | 5449 ||| STAIRDANCE
  5453 | D:6      | 5453 ||| STAIRDANCE
  5457 | D:6      | 5457 ||| STAIRDANCE
  5461 | D:6      | 5461 ||| STAIRDANCE
  5465 | D:6      | 5465 ||| STAIRDANCE
  5469 | D:6      | 5469 ||| STAIRDANCE
  5473 | D:6      | 5473 ||| STAIRDANCE
  5477 | D:6      | 5477 ||| STAIRDANCE
  5647 | D:6      | Found a shimmering altar of Xom.
  5683 | D:6      | Reached skill level 6 in Fighting
  5698 | D:6      | Reached * piety under Okawaru
  5719 | D:6      | Reached XP level 9. HP: 56/56 MP: 9/9
  5778 | D:6      | Reached skill level 1 in Invocations
  5878 | D:7      | 5878 ||| INVOKING Heroism.
  5907 | D:7      | 5907 ||| Stepping ~*~*~tactically~*~*~ (stealth).
  5918 | D:7      | Reached skill level 3 in Invocations
  5918 | D:7      | 5918 ||| INVOKING Heroism.
  5920 | D:7      | Reached skill level 9 in Axes
  5940 | D:7      | 5940 ||| FLEEEEING.
  5941 | D:7      | 5941 ||| FLEEEEING.
  5942 | D:7      | 5942 ||| STAIRDANCE
  6016 | D:7      | 6016 ||| STAIRDANCE
  6020 | D:6      | 6020 ||| INVOKING Heroism.
  6100 | D:7      | 6100 ||| Stepping ~*~*~tactically~*~*~ (stealth).
  6103 | D:7      | 6103 ||| Stepping ~*~*~tactically~*~*~ (hiding).
  6115 | D:7      | 6115 ||| Stepping ~*~*~tactically~*~*~ (hiding).
  6116 | D:7      | 6116 ||| Stepping ~*~*~tactically~*~*~ (hiding).
  6117 | D:7      | 6117 ||| Stepping ~*~*~tactically~*~*~ (hiding).
  6118 | D:7      | 6118 ||| Stepping ~*~*~tactically~*~*~ (hiding).
  6145 | D:7      | 6145 ||| Stepping ~*~*~tactically~*~*~ (hiding).
  6146 | D:7      | 6146 ||| Stepping ~*~*~tactically~*~*~ (hiding).
  6148 | D:7      | 6148 ||| INVOKING Heroism.
  6162 | D:7      | 6162 ||| Stepping ~*~*~tactically~*~*~ (hiding).
  6167 | D:7      | 6167 ||| INVOKING Heroism.
  6171 | D:7      | 6171 ||| Stepping ~*~*~tactically~*~*~ (hiding).
  6182 | D:7      | Noticed a hornet
  6183 | D:7      | 6183 ||| Stepping ~*~*~tactically~*~*~ (stealth).
  6195 | D:7      | 6195 ||| Stepping ~*~*~tactically~*~*~ (stealth).
  6205 | D:7      | Killed a hornet
  6381 | D:7      | Found Gowkesh's Book Shoppe.
  6415 | D:7      | 6415 ||| Stepping ~*~*~tactically~*~*~ (stealth).
  6416 | D:7      | 6416 ||| Stepping ~*~*~tactically~*~*~ (stealth).
  6417 | D:7      | 6417 ||| Stepping ~*~*~tactically~*~*~ (stealth).
  6429 | D:7      | Reached ** piety under Okawaru
  6442 | D:7      | 6442 ||| Stepping ~*~*~tactically~*~*~ (stealth).
  6464 | D:7      | 6464 ||| Stepping ~*~*~tactically~*~*~ (stealth).
  6486 | D:7      | 6486 ||| DROPPING +4 morningstar.
  6516 | D:7      | 6516 ||| Stepping ~*~*~tactically~*~*~ (stealth).
  6520 | D:7      | 6520 ||| Stepping ~*~*~tactically~*~*~ (stealth).
  6521 | D:7      | 6521 ||| INVOKING Heroism.
  6757 | D:8      | 6757 ||| INVOKING Heroism.
  6762 | D:8      | Reached skill level 10 in Axes
  6762 | D:8      | Reached XP level 10. HP: 63/63 MP: 10/13
  6774 | D:8      | 6774 ||| INVOKING Heroism.
  6791 | D:8      | Found a staircase to the Lair.
  6800 | D:8      | 6800 ||| INVOKING Heroism.
  6810 | D:8      | Reached skill level 6 in Armour
  6812 | D:8      | 6812 ||| Stepping ~*~*~tactically~*~*~ (water).
  6814 | D:8      | 6814 ||| FLEEEEING.
  6816 | D:8      | 6816 ||| FLEEEEING.
  6818 | D:8      | 6818 ||| FLEEEEING.
  6820 | D:8      | 6820 ||| INVOKING Heroism.
  6821 | D:8      | HP: 16/64 [electric eel/bolt of electricity (2)]
  6822 | D:8      | 6822 ||| READING scroll of teleportation.
  6823 | D:8      | 6823 ||| DRINKING 2 potions of heal wounds.
  6826 | D:8      | 6826 ||| Stepping ~*~*~tactically~*~*~ (hiding).
  6829 | D:8      | 6829 ||| Stepping ~*~*~tactically~*~*~ (hiding).
  6839 | D:8      | 6839 ||| FLEEEEING.
  6840 | D:8      | 6840 ||| FLEEEEING.
  6841 | D:8      | 6841 ||| FLEEEEING.
  6842 | D:8      | 6842 ||| FLEEEEING.
  6843 | D:8      | 6843 ||| FLEEEEING.
  6844 | D:8      | 6844 ||| FLEEEEING.
  6846 | D:8      | 6846 ||| FLEEEEING.
  6847 | D:8      | 6847 ||| FLEEEEING.
  6848 | D:8      | 6848 ||| FLEEEEING.
  6849 | D:8      | 6849 ||| FLEEEEING.
  6850 | D:8      | 6850 ||| STAIRDANCE
  6958 | D:8      | 6958 ||| DRINKING 5 potions of curing.
  6958 | D:8      | 6958 ||| (to cure confusion)
  6960 | D:8      | 6960 ||| DRINKING 4 potions of curing.
  6960 | D:8      | 6960 ||| (to cure confusion)
  6981 | D:8      | 6981 ||| INVOKING Heroism.
  7001 | D:8      | 7001 ||| INVOKING Heroism.
  7018 | D:8      | 7018 ||| INVOKING Heroism.
  7178 | D:8      | Noticed a two-headed ogre
  7179 | D:8      | 7179 ||| Stepping ~*~*~tactically~*~*~ (stealth).
  7181 | D:8      | 7181 ||| INVOKING Heroism.
  7190 | D:8      | Killed a two-headed ogre
  7191 | D:8      | Reached skill level 3 in Dodging
  7317 | D:8      | 7317 ||| Stepping ~*~*~tactically~*~*~ (hiding).
  7323 | D:8      | 7323 ||| INVOKING Heroism.
  7329 | D:8      | 7329 ||| Stepping ~*~*~tactically~*~*~ (hiding).
  7333 | D:8      | 7333 ||| FLEEEEING.
  7334 | D:8      | 7334 ||| FLEEEEING.
  7338 | D:8      | HP: 15/64 [orc priest/divine providence (12)]
  7339 | D:8      | 7339 ||| DRINKING potion of heal wounds.
  7348 | D:8      | 7348 ||| INVOKING Heroism.
  7584 | D:8      | 7584 ||| Stepping ~*~*~tactically~*~*~ (hiding).
  7596 | D:8      | 7596 ||| Stepping ~*~*~tactically~*~*~ (hiding).
  7597 | D:8      | 7597 ||| FLEEEEING.
  7599 | D:8      | 7599 ||| Stepping ~*~*~tactically~*~*~ (hiding).
  7725 | D:8      | Reached skill level 11 in Axes
  7836 | D:8      | Found an ancient bone altar of Kikubaaqudgha.
  7894 | D:8      | 7894 ||| Stepping ~*~*~tactically~*~*~ (stealth).
  8107 | D:8      | 8107 ||| PLANNING LAIR
  8107 | D:8      | 8107 ||| READING scroll labelled PUPSE DEMMOS.
  8108 | D:8      | 8108 ||| READING 4 scrolls of identify.
  8108 | D:8      | 8108 ||| IDENTIFYING sedimented grey potion
  8109 | D:8      | 8109 ||| READING 3 scrolls of identify.
  8109 | D:8      | 8109 ||| IDENTIFYING orange potion
  8151 | Lair:1   | Entered Level 1 of the Lair of Beasts
  8151 | Lair:1   | Noticed Amaemon
  8151 | Lair:1   | Noticed an orange demon
  8152 | Lair:1   | 8152 ||| INVOKING Heroism.
  8164 | Lair:1   | Reached skill level 9 in Fighting
  8164 | Lair:1   | Reached XP level 11. HP: 65/71 MP: 12/14
  8165 | Lair:1   | 8165 ||| INVOKING Heroism.
  8166 | Lair:1   | Killed Amaemon
  8188 | Lair:1   | Reached *** piety under Okawaru
  8223 | Lair:1   | 8223 ||| DROPPING +4 morningstar of freezing.
  8271 | Lair:1   | 8271 ||| INVOKING Heroism.
  8398 | Lair:1   | 8398 ||| Stepping ~*~*~tactically~*~*~ (hiding).
  8449 | Lair:1   | 8449 ||| INVOKING Heroism.
  8486 | Lair:1   | 8486 ||| INVOKING Heroism.
  8491 | Lair:1   | Reached skill level 12 in Axes
  8563 | Lair:1   | 8563 ||| INVOKING Heroism.
  8788 | Lair:1   | 8788 ||| INVOKING Heroism.
  8955 | Lair:1   | Reached skill level 6 in Shields
  9005 | Lair:1   | Noticed a death yak
  9006 | Lair:1   | 9006 ||| Stepping ~*~*~tactically~*~*~ (hiding).
  9011 | Lair:1   | 9011 ||| INVOKING Heroism.
  9026 | Lair:1   | Killed a death yak
  9062 | Lair:1   | 9062 ||| INVOKING Heroism.
  9140 | Lair:1   | 9140 ||| Stepping ~*~*~tactically~*~*~ (hiding).
  9190 | Lair:1   | 9190 ||| DROPPING ring of magical power.
  9191 | Lair:1   | 9191 ||| FLEEEEING.
  9192 | Lair:1   | 9192 ||| FLEEEEING.
  9194 | Lair:1   | 9194 ||| INVOKING Heroism.
  9254 | Lair:1   | Noticed a death yak
  9255 | Lair:1   | 9255 ||| INVOKING Heroism.
  9279 | Lair:1   | Killed a death yak
  9279 | Lair:1   | Reached **** piety under Okawaru
  9317 | Lair:1   | 9317 ||| INVOKING Heroism.
  9324 | Lair:1   | Reached XP level 12. HP: 59/77 MP: 12/15
  9542 | Lair:1   | 9542 ||| READING scroll labelled RAABYCREYFF.
  9566 | Lair:2   | 9566 ||| STAIRDANCE
  9638 | Lair:2   | Noticed a catoblepas
  9639 | Lair:2   | 9639 ||| Stepping ~*~*~tactically~*~*~ (hiding).
  9642 | Lair:2   | 9642 ||| Stepping ~*~*~tactically~*~*~ (hiding).
  9643 | Lair:2   | 9643 ||| INVOKING Heroism.
  9653 | Lair:2   | Killed a catoblepas
  9654 | Lair:2   | Reached skill level 13 in Axes
  9814 | Lair:2   | 9814 ||| Stepping ~*~*~tactically~*~*~ (stealth).
  9816 | Lair:2   | 9816 ||| Stepping ~*~*~tactically~*~*~ (stealth).
  9855 | Lair:2   | 9855 ||| Stepping ~*~*~tactically~*~*~ (stealth).
  9856 | Lair:2   | 9856 ||| Stepping ~*~*~tactically~*~*~ (stealth).
  9860 | Lair:2   | 9860 ||| READING scroll of enchant armour.
  9860 | Lair:2   | 9860 ||| ENCHANTING +1 pair of gloves.
  9872 | Lair:2   | 9872 ||| INVOKING Heroism.
  9977 | Lair:2   | Reached skill level 6 in Invocations
 10022 | Lair:2   | 10022 ||| Stepping ~*~*~tactically~*~*~ (stealth).
 10023 | Lair:2   | 10023 ||| INVOKING Heroism.
 10054 | Lair:2   | 10054 ||| READING scroll of enchant weapon.
 10054 | Lair:2   | 10054 ||| ENCHANTING +2 war axe.
 10089 | Lair:2   | 10089 ||| INVOKING Heroism.
 10194 | Lair:2   | 10194 ||| INVOKING Heroism.
 10234 | Lair:2   | 10234 ||| INVOKING Heroism.
 10780 | Lair:3   | 10780 ||| INVOKING Heroism.
 10803 | Lair:3   | 10803 ||| Stepping ~*~*~tactically~*~*~ (stealth).
 10804 | Lair:3   | 10804 ||| Stepping ~*~*~tactically~*~*~ (stealth).
 10804 | Lair:3   | Noticed Gastronok
 10805 | Lair:3   | 10805 ||| INVOKING Heroism.
 10810 | Lair:3   | 10810 ||| Stepping ~*~*~tactically~*~*~ (hiding).
 10829 | Lair:3   | Killed Gastronok
 10837 | Lair:3   | 10837 ||| INVOKING Heroism.
 10970 | Lair:3   | 10970 ||| Stepping ~*~*~tactically~*~*~ (hiding).
 10971 | Lair:3   | 10971 ||| Stepping ~*~*~tactically~*~*~ (hiding).
 10972 | Lair:3   | 10972 ||| Stepping ~*~*~tactically~*~*~ (hiding).
 10974 | Lair:3   | 10974 ||| INVOKING Heroism.
 10978 | Lair:3   | Reached skill level 14 in Axes
 10985 | Lair:3   | 10985 ||| Stepping ~*~*~tactically~*~*~ (hiding).
 10987 | Lair:3   | Found a hole to the Spider Nest.
 10991 | Lair:3   | 10991 ||| Stepping ~*~*~tactically~*~*~ (stealth).
 10993 | Lair:3   | 10993 ||| Stepping ~*~*~tactically~*~*~ (stealth).
 11018 | Lair:3   | 11018 ||| INVOKING Heroism.
 11087 | Lair:3   | 11087 ||| INVOKING Heroism.
 11202 | Lair:3   | 11202 ||| INVOKING Heroism.
 11207 | Lair:3   | 11207 ||| Stepping ~*~*~tactically~*~*~ (stealth).
 11214 | Lair:3   | 11214 ||| Stepping ~*~*~tactically~*~*~ (stealth).
 11225 | Lair:3   | 11225 ||| Stepping ~*~*~tactically~*~*~ (stealth).
 11226 | Lair:3   | 11226 ||| Stepping ~*~*~tactically~*~*~ (stealth).
 11236 | Lair:3   | 11236 ||| INVOKING Heroism.
 11319 | Lair:3   | Noticed Nergalle
 11320 | Lair:3   | 11320 ||| Stepping ~*~*~tactically~*~*~ (hiding).
 11323 | Lair:3   | 11323 ||| INVOKING Heroism.
 11331 | Lair:3   | Killed Nergalle
 11414 | Lair:3   | 11414 ||| Stepping ~*~*~tactically~*~*~ (stealth).
 11425 | Lair:3   | Reached XP level 13. HP: 71/83 MP: 19/19
 11562 | Lair:3   | 11562 ||| INVOKING Heroism.
 11854 | Lair:3   | 11854 ||| INVOKING Heroism.
 11859 | Lair:3   | 11859 ||| SWAPPING to -1 demon whip of venom.
 11863 | Lair:3   | Reached skill level 9 in Invocations
 11863 | Lair:3   | 11863 ||| SWAPPING to +3 war axe.
 11921 | Lair:3   | 11921 ||| Stepping ~*~*~tactically~*~*~ (hiding).
 11922 | Lair:3   | 11922 ||| Stepping ~*~*~tactically~*~*~ (hiding).
 11938 | Lair:3   | Found a staircase to the Swamp.
 12190 | Lair:3   | 12190 ||| UPGRADING to +0 cloak.
 12229 | Lair:4   | Received a gift from Okawaru
 12481 | Lair:4   | Identified the amulet "Ussiewod" {*Slow Regen+ Str+4 Dex+4}
 12557 | Lair:4   | Reached skill level 9 in Armour
 12593 | Lair:4   | 12593 ||| INVOKING Heroism.
 12598 | Lair:4   | 12598 ||| SWAPPING to -1 demon whip of venom.
 12609 | Lair:4   | 12609 ||| SWAPPING to +3 war axe.
 12681 | Lair:4   | Reached ***** piety under Okawaru
 12934 | Lair:4   | 12934 ||| READING scroll of enchant weapon.
 12934 | Lair:4   | 12934 ||| ENCHANTING +3 war axe.
 12994 | Lair:4   | 12994 ||| FLEEEEING.
 12995 | Lair:4   | 12995 ||| FLEEEEING.
 12996 | Lair:4   | 12996 ||| FLEEEEING.
 12997 | Lair:4   | 12997 ||| FLEEEEING.
 12998 | Lair:4   | 12998 ||| FLEEEEING.
 12999 | Lair:4   | 12999 ||| FLEEEEING.
 13000 | Lair:4   | 13000 ||| FLEEEEING.
 13001 | Lair:4   | 13001 ||| FLEEEEING.
 13002 | Lair:4   | 13002 ||| FLEEEEING.
 13003 | Lair:4   | 13003 ||| FLEEEEING.
 13004 | Lair:4   | 13004 ||| FLEEEEING.
 13005 | Lair:4   | 13005 ||| FLEEEEING.
 13006 | Lair:4   | 13006 ||| FLEEEEING.
 13007 | Lair:4   | 13007 ||| FLEEEEING.
 13008 | Lair:4   | 13008 ||| STAIRDANCE
 13035 | Lair:3   | 13035 ||| UPGRADING to amulet "Ussiewod" {*Slow Regen+
                  | Str+4 Dex+4}.
 13040 | Lair:3   | 13040 ||| READING scroll labelled QIETUU BEOCHE.
 13295 | Lair:5   | Entered Level 5 of the Lair of Beasts
 13302 | Lair:5   | Identified the +1 scale mail of Oloehemacs {rC++} (Okawaru
                  | gifted it to you on level 5 of the Lair of Beasts)
 13302 | Lair:5   | Received a gift from Okawaru
 13304 | Lair:5   | 13304 ||| INVOKING Heroism.
 13316 | Lair:5   | 13316 ||| INVOKING Finesse.
 13325 | Lair:5   | 13325 ||| SWAPPING to -1 demon whip of venom.
 13332 | Lair:5   | 13332 ||| SWAPPING to +4 heavy war axe.
 13357 | Lair:5   | Reached skill level 15 in Axes
 13396 | Lair:5   | 13396 ||| INVOKING Heroism.
 13483 | Lair:5   | 13483 ||| INVOKING Heroism.
 13489 | Lair:5   | 13489 ||| SWAPPING to -1 demon whip of venom.
 13492 | Lair:5   | Gained mutation: Your large and strong wings let you fly.
                  | [Gargoyle growth]
 13492 | Lair:5   | Reached XP level 14. HP: 78/90 MP: 19/21
 13500 | Lair:5   | 13500 ||| SWAPPING to +4 heavy war axe.
 13591 | Lair:5   | 13591 ||| INVOKING Heroism.
 13593 | Lair:5   | Reached skill level 12 in Fighting
 13702 | Lair:5   | 13702 ||| INVOKING Heroism.
 13740 | Lair:5   | 13740 ||| INVOKING Heroism.
 13746 | Lair:5   | 13746 ||| INVOKING Finesse.
 13748 | Lair:5   | 13748 ||| SWAPPING to -1 demon whip of venom.
 13755 | Lair:5   | 13755 ||| SWAPPING to +4 heavy war axe.
 13797 | Lair:5   | Identified the +1 ring mail "Ighel" {Int+5}
 13798 | Lair:5   | Identified the +3 sling of Faywk {flame, rF- rN+++ Str+3}
 13799 | Lair:5   | Identified the +5 ring mail of Zin's Hope {Rampage Will+++
                  | Str-2 Int-3}
 13841 | Lair:5   | Received a gift from Okawaru
 14101 | Lair:5   | Found a staircase to the Slime Pits.
 14306 | Lair:5   | 14306 ||| PLANNING D:1-11
 14306 | Lair:5   | 14306 ||| READING scroll labelled YSA POUP GUOFI.
 14307 | Lair:5   | 14307 ||| DRINKING 2 smoky brown potions.
 14308 | Lair:5   | 14308 ||| DRINKING 5 potions of curing.
 14308 | Lair:5   | 14308 ||| (to cure confusion)
 14309 | Lair:5   | 14309 ||| DROPPING potion of ambrosia.
 14454 | D:9      | 14454 ||| READING scroll of enchant weapon.
 14454 | D:9      | 14454 ||| ENCHANTING +4 heavy war axe.
 14473 | D:9      | Reached skill level 3 in Throwing
 14485 | D:9      | Found a blossoming altar of Fedhas.
 14619 | D:9      | Found a flagged portal.
 14897 | D:9      | 14897 ||| Stepping ~*~*~tactically~*~*~ (stealth).
 14900 | D:9      | 14900 ||| Stepping ~*~*~tactically~*~*~ (stealth).
 14901 | D:9      | 14901 ||| Stepping ~*~*~tactically~*~*~ (stealth).
 15045 | D:9      | 15045 ||| Stepping ~*~*~tactically~*~*~ (hiding).
 15188 | D:9      | Found The Oracle's Delphic Readings.
 15192 | D:9      | 15192 ||| BUYING scroll of identify (22 gold).
 15192 | D:9      | Bought a scroll of identify for 22 gold pieces
 15192 | D:9      | 15192 ||| BUYING scroll of identify (22 gold).
 15192 | D:9      | Bought a scroll of identify for 22 gold pieces
 15192 | D:9      | 15192 ||| BUYING scroll of teleportation (33 gold).
 15192 | D:9      | Bought a scroll of teleportation for 33 gold pieces
 15226 | D:9      | 15226 ||| Stepping ~*~*~tactically~*~*~ (stealth).
 15227 | D:9      | 15227 ||| Stepping ~*~*~tactically~*~*~ (stealth).
 15251 | D:9      | Found a staircase to the Orcish Mines.
 15561 | D:9      | 15561 ||| DROPPING +5 ring mail of Zin's Hope {Rampage
                  | Will+++ Str-2 Int-3}.
 15562 | D:9      | 15562 ||| READING 10 scrolls of identify.
 15562 | D:9      | 15562 ||| IDENTIFYING golden potion
 15563 | D:9      | 15563 ||| DROPPING potion of invisibility.
 15613 | D:10     | Entered Level 10 of the Dungeon
 15613 | D:10     | Noticed Psyche
 15619 | D:10     | Killed Psyche
 15624 | D:10     | Received a gift from Okawaru
 15630 | D:10     | 15630 ||| Stepping ~*~*~tactically~*~*~ (stealth).
 15633 | D:10     | 15633 ||| Stepping ~*~*~tactically~*~*~ (stealth).
 15817 | D:10     | 15817 ||| Stepping ~*~*~tactically~*~*~ (hiding).
 15822 | D:10     | 15822 ||| INVOKING Heroism.
 15873 | D:10     | 15873 ||| Stepping ~*~*~tactically~*~*~ (stealth).
 15923 | D:10     | 15923 ||| Stepping ~*~*~tactically~*~*~ (hiding).
 15927 | D:10     | 15927 ||| INVOKING Heroism.
 15955 | D:10     | 15955 ||| Stepping ~*~*~tactically~*~*~ (stealth).
 16000 | D:10     | 16000 ||| Stepping ~*~*~tactically~*~*~ (stealth).
 16206 | D:10     | 16206 ||| UPGRADING to +0 kite shield.
 16216 | D:10     | 16216 ||| DROPPING +0 buckler.
 16217 | D:10     | 16217 ||| DRINKING 2 sapphire potions.
 16217 | D:10     | Gained mutation: You are vulnerable to heat. (rF-) [potion
                  | of mutation]
 16217 | D:10     | Gained mutation: Your flesh is cold resistant. (rC+)
                  | [potion of mutation]
 16217 | D:10     | Gained mutation: Your muscles are strong. (Str +4, Int/Dex
                  | -1) [potion of mutation]
 16346 | D:11     | Identified the +6 great mace "Xutas" {elec, Fragile rC+
                  | Str-4 Dex+5} (Okawaru gifted it to you on level 11 of the
                  | Dungeon)
 16346 | D:11     | Received a gift from Okawaru
 16358 | D:11     | 16358 ||| INVOKING Heroism.
 16810 | D:11     | 16810 ||| PLANNING D
 16810 | D:11     | 16810 ||| DROPPING amulet of guardian spirit.
 16811 | D:11     | 16811 ||| DROPPING +6 ring of intelligence.
 16859 | D:12     | Reached skill level 9 in Shields
 16870 | D:12     | Reached XP level 15. HP: 96/96 MP: 22/22
 16880 | D:12     | 16880 ||| Stepping ~*~*~tactically~*~*~ (stealth).
 16900 | D:12     | 16900 ||| Stepping ~*~*~tactically~*~*~ (stealth).
 16902 | D:12     | 16902 ||| FLEEEEING.
 16903 | D:12     | 16903 ||| FLEEEEING.
 16904 | D:12     | 16904 ||| FLEEEEING.
 16905 | D:12     | 16905 ||| FLEEEEING.
 16910 | D:12     | Noticed Snorg
 16916 | D:12     | Killed Snorg
 16916 | D:12     | Received a gift from Okawaru
 16919 | D:12     | 16919 ||| FLEEEEING.
 16920 | D:12     | 16920 ||| FLEEEEING.
 16921 | D:12     | 16921 ||| FLEEEEING.
 16922 | D:12     | 16922 ||| FLEEEEING.
 16923 | D:12     | 16923 ||| FLEEEEING.
 16924 | D:12     | 16924 ||| FLEEEEING.
 16925 | D:12     | 16925 ||| FLEEEEING.
 16926 | D:12     | 16926 ||| FLEEEEING.
 16927 | D:12     | 16927 ||| STAIRDANCE
 17031 | D:12     | 17031 ||| STAIRDANCE
 17083 | D:12     | 17083 ||| Stepping ~*~*~tactically~*~*~ (stealth).
 17086 | D:12     | 17086 ||| Stepping ~*~*~tactically~*~*~ (stealth).
 17261 | D:12     | 17261 ||| DROPPING +1 war axe of venom.
 17294 | D:12     | 17294 ||| Stepping ~*~*~tactically~*~*~ (stealth).
 17297 | D:12     | 17297 ||| Stepping ~*~*~tactically~*~*~ (stealth).
 17412 | D:12     | 17412 ||| READING scroll of enchant armour.
 17412 | D:12     | 17412 ||| ENCHANTING +0 pair of boots.
 17823 | D:13     | 17823 ||| Stepping ~*~*~tactically~*~*~ (hiding).
 17825 | D:13     | 17825 ||| Stepping ~*~*~tactically~*~*~ (hiding).
 18129 | D:13     | 18129 ||| INVOKING Heroism.
 18203 | D:13     | Reached skill level 12 in Shields
 18222 | D:13     | 18222 ||| FLEEEEING.
 18223 | D:13     | 18223 ||| FLEEEEING.
 18224 | D:13     | 18224 ||| FLEEEEING.
 18227 | D:13     | 18227 ||| FLEEEEING.
 18228 | D:13     | 18228 ||| FLEEEEING.
 18229 | D:13     | 18229 ||| FLEEEEING.
 18230 | D:13     | 18230 ||| FLEEEEING.
 18231 | D:13     | 18231 ||| FLEEEEING.
 18232 | D:13     | 18232 ||| FLEEEEING.
 18237 | D:13     | 18237 ||| INVOKING Heroism.
 18238 | D:13     | 18238 ||| INVOKING Finesse.
 18240 | D:13     | 18240 ||| SWAPPING to -1 demon whip of venom.
 18247 | D:13     | Identified the +8 broad axe of the Land of Plenty {protect,
                  | Will+ Str+3} (Okawaru gifted it to you on level 13 of the
                  | Dungeon)
 18247 | D:13     | Received a gift from Okawaru
 18248 | D:13     | 18248 ||| SWAPPING to +5 heavy war axe.
 18283 | D:13     | 18283 ||| SWAPPING to +8 broad axe of the Land of Plenty
                  | {protect, Will+ Str+3}.
 18338 | D:13     | 18338 ||| FLEEEEING.
 18339 | D:13     | 18339 ||| FLEEEEING.
 18340 | D:13     | 18340 ||| FLEEEEING.
 18590 | D:14     | 18590 ||| Stepping ~*~*~tactically~*~*~ (hiding).
 18595 | D:14     | Reached skill level 16 in Axes
 18601 | D:14     | 18601 ||| INVOKING Heroism.
 18617 | D:14     | 18617 ||| INVOKING Finesse.
 18652 | D:14     | 18652 ||| Stepping ~*~*~tactically~*~*~ (stealth).
 18693 | D:14     | Found a gate to the Vaults.
 18749 | D:14     | Reached skill level 6 in Throwing
 18818 | D:14     | Found a portal to a secret trove of treasure.
 18826 | D:14     | 18826 ||| Stepping ~*~*~tactically~*~*~ (stealth).
 18865 | D:14     | Found a runed translucent door.
 18866 | D:14     | Noticed Kapsuk's ghost (journeyman DECj)
 18913 | D:14     | 18913 ||| INVOKING Heroism.
 18969 | D:14     | 18969 ||| INVOKING Heroism.
 18970 | D:14     | 18970 ||| Stepping ~*~*~tactically~*~*~ (stealth).
 18971 | D:14     | 18971 ||| Stepping ~*~*~tactically~*~*~ (stealth).
 18972 | D:14     | 18972 ||| INVOKING Finesse.
 19046 | D:14     | 19046 ||| Stepping ~*~*~tactically~*~*~ (hiding).
 19047 | D:14     | 19047 ||| Stepping ~*~*~tactically~*~*~ (hiding).
 19237 | D:14     | 19237 ||| INVOKING Heroism.
 19503 | D:15     | Entered Level 15 of the Dungeon
 19506 | D:15     | 19506 ||| FLEEEEING.
 19507 | D:15     | 19507 ||| FLEEEEING.
 19508 | D:15     | 19508 ||| STAIRDANCE
 19660 | D:15     | 19660 ||| Stepping ~*~*~tactically~*~*~ (hiding).
 19663 | D:15     | 19663 ||| Stepping ~*~*~tactically~*~*~ (hiding).
 19664 | D:15     | 19664 ||| Stepping ~*~*~tactically~*~*~ (hiding).
 19701 | D:15     | 19701 ||| Stepping ~*~*~tactically~*~*~ (stealth).
 19702 | D:15     | 19702 ||| INVOKING Heroism.
 19705 | D:15     | 19705 ||| Stepping ~*~*~tactically~*~*~ (hiding).
 19707 | D:15     | 19707 ||| Stepping ~*~*~tactically~*~*~ (hiding).
 19855 | D:15     | 19855 ||| Stepping ~*~*~tactically~*~*~ (stealth).
 19885 | D:15     | 19885 ||| Stepping ~*~*~tactically~*~*~ (hiding).
 19886 | D:15     | 19886 ||| Stepping ~*~*~tactically~*~*~ (hiding).
 19887 | D:15     | 19887 ||| Stepping ~*~*~tactically~*~*~ (hiding).
 19888 | D:15     | 19888 ||| Stepping ~*~*~tactically~*~*~ (hiding).
 19890 | D:15     | 19890 ||| Stepping ~*~*~tactically~*~*~ (hiding).
 19931 | D:15     | 19931 ||| Stepping ~*~*~tactically~*~*~ (stealth).
 19933 | D:15     | 19933 ||| Stepping ~*~*~tactically~*~*~ (hiding).
 19934 | D:15     | 19934 ||| Stepping ~*~*~tactically~*~*~ (hiding).
 20051 | D:15     | 20051 ||| Stepping ~*~*~tactically~*~*~ (stealth).
 20053 | D:15     | 20053 ||| Stepping ~*~*~tactically~*~*~ (stealth).
 20062 | D:15     | 20062 ||| Stepping ~*~*~tactically~*~*~ (hiding).
 20063 | D:15     | 20063 ||| Stepping ~*~*~tactically~*~*~ (hiding).
 20089 | D:15     | 20089 ||| INVOKING Heroism.
 20110 | D:15     | Reached XP level 16. HP: 84/101 MP: 23/23
 20128 | D:15     | Identified the +1 plate armour of Tartarus {+Inv Regen+
                  | Str-4}
 20129 | D:15     | 20129 ||| Stepping ~*~*~tactically~*~*~ (stealth).
 20133 | D:15     | 20133 ||| INVOKING Heroism.
 20380 | D:15     | Reached skill level 17 in Axes
 20390 | D:15     | 20390 ||| Stepping ~*~*~tactically~*~*~ (hiding).
 20597 | D:15     | 20597 ||| READING scroll of enchant armour.
 20597 | D:15     | 20597 ||| ENCHANTING +1 pair of boots.
 20663 | D:15     | 20663 ||| Stepping ~*~*~tactically~*~*~ (hiding).
 20667 | D:15     | 20667 ||| INVOKING Heroism.
 20670 | D:15     | HP: 9/101 [fire dragon/blast of flame (32)]
 20671 | D:15     | 20671 ||| READING 4 scrolls of teleportation.
 20672 | D:15     | 20672 ||| DRINKING potion of heal wounds.
 20687 | D:15     | HP: 17/101 [fire dragon/blast of flame (36)]
 20688 | D:15     | 20688 ||| READING 3 scrolls of teleportation.
 20768 | D:15     | 20768 ||| INVOKING Heroism.
 20779 | D:15     | Received a gift from Okawaru
 20806 | D:15     | Found a staircase to the Depths.
 20986 | D:15     | 20986 ||| PLANNING ORC
 20986 | D:15     | 20986 ||| DROPPING +0 plate armour.
 20987 | D:15     | 20987 ||| UPGRADING to +1 plate armour of Tartarus {+Inv
                  | Regen+ Str-4}.
 20997 | D:15     | 20997 ||| DRINKING 3 potions of mutation.
 20997 | D:15     | Lost mutation: Your flesh is cold resistant. (rC+) [potion
                  | of mutation]
 20997 | D:15     | Lost mutation: Your muscles are strong. (Str +4, Int/Dex
                  | -1) [potion of mutation]
 20997 | D:15     | Lost mutation: You are vulnerable to heat. (rF-) [potion of
                  | mutation]
 20997 | D:15     | Gained mutation: You are agile. (Dex +4, Str/Int -1)
                  | [potion of mutation]
 20997 | D:15     | Gained mutation: Your muscles are strong. (Str +4, Int/Dex
                  | -1) [potion of mutation]
 20997 | D:15     | Gained mutation: Your mind is acute. (Int +4, Str/Dex -1)
                  | [potion of mutation]
 20997 | D:15     | Gained mutation: You have a pair of small horns on your
                  | head. [potion of mutation]
 20998 | D:15     | 20998 ||| DROPPING +2 helmet.
 20999 | D:15     | 20999 ||| DROPPING ring of wizardry.
 21170 | Orc:1    | Entered Level 1 of the Orcish Mines
 21173 | Orc:1    | 21173 ||| Stepping ~*~*~tactically~*~*~ (hiding).
 21177 | Orc:1    | 21177 ||| Stepping ~*~*~tactically~*~*~ (hiding).
 21178 | Orc:1    | 21178 ||| Stepping ~*~*~tactically~*~*~ (hiding).
 21179 | Orc:1    | 21179 ||| Stepping ~*~*~tactically~*~*~ (stealth).
 21180 | Orc:1    | 21180 ||| Stepping ~*~*~tactically~*~*~ (hiding).
 21182 | Orc:1    | 21182 ||| INVOKING Heroism.
 21230 | Orc:1    | 21230 ||| Stepping ~*~*~tactically~*~*~ (stealth).
 21375 | Orc:1    | 21375 ||| INVOKING Heroism.
 21443 | Orc:1    | Found Xuacrea's Book Shop.
 21446 | Orc:1    | 21446 ||| Stepping ~*~*~tactically~*~*~ (hiding).
 21451 | Orc:1    | 21451 ||| INVOKING Heroism.
 21631 | Orc:2    | Entered Level 2 of the Orcish Mines
 21694 | Orc:2    | Noticed qw's ghost (adept GrFi)
 21695 | Orc:2    | Found a bloodstained altar of Trog.
 21702 | Orc:2    | Found a transporter.
 21729 | Orc:2    | Found a transporter.
 21793 | Orc:2    | 21793 ||| Stepping ~*~*~tactically~*~*~ (stealth).
 21794 | Orc:2    | 21794 ||| Stepping ~*~*~tactically~*~*~ (stealth).
 21812 | Orc:2    | Found a staircase to the Elven Halls.
 21909 | Orc:2    | 21909 ||| Stepping ~*~*~tactically~*~*~ (hiding).
 21911 | Orc:2    | 21911 ||| Stepping ~*~*~tactically~*~*~ (hiding).
 21912 | Orc:2    | 21912 ||| Stepping ~*~*~tactically~*~*~ (hiding).
 21991 | Orc:2    | 21991 ||| Stepping ~*~*~tactically~*~*~ (hiding).
 21993 | Orc:2    | 21993 ||| INVOKING Heroism.
 21995 | Orc:2    | Found Fysaocwuko's Armour Shop.
 22036 | Orc:2    | 22036 ||| INVOKING Heroism.
 22042 | Orc:2    | Received a gift from Okawaru
 22072 | Orc:2    | 22072 ||| DROPPING +5 heavy war axe.
 22078 | Orc:2    | Found Daidooc's Magic Scroll Shoppe.
 22085 | Orc:2    | 22085 ||| BUYING scroll of teleportation (51 gold).
 22085 | Orc:2    | Bought a scroll of teleportation for 51 gold pieces
 22085 | Orc:2    | 22085 ||| BUYING scroll of teleportation (51 gold).
 22085 | Orc:2    | Bought a scroll of teleportation for 51 gold pieces
 22085 | Orc:2    | Found Teacug's Antique Armour Shoppe.
 22087 | Orc:2    | Found Rybloip's Assorted Antiques.
 22096 | Orc:2    | 22096 ||| BUYING potion of haste (270 gold).
 22096 | Orc:2    | Bought a potion of haste for 270 gold pieces
 22314 | Orc:2    | 22314 ||| PLANNING SWAMP:1-3
 22476 | Swamp:1  | Entered Level 1 of the Swamp
 22513 | Swamp:1  | 22513 ||| FLEEEEING.
 22514 | Swamp:1  | 22514 ||| FLEEEEING.
 22515 | Swamp:1  | 22515 ||| FLEEEEING.
 22516 | Swamp:1  | 22516 ||| FLEEEEING.
 22517 | Swamp:1  | 22517 ||| INVOKING Heroism.
 22606 | Swamp:1  | 22606 ||| Stepping ~*~*~tactically~*~*~ (stealth).
 22610 | Swamp:1  | 22610 ||| INVOKING Heroism.
 22654 | Swamp:1  | Identified the +5 mace of Xiavviq {drain, Int+4}
 22655 | Swamp:1  | 22655 ||| Stepping ~*~*~tactically~*~*~ (stealth).
 22657 | Swamp:1  | 22657 ||| INVOKING Heroism.
 22660 | Swamp:1  | 22660 ||| Stepping ~*~*~tactically~*~*~ (stealth).
 22778 | Swamp:1  | Received a gift from Okawaru
 22803 | Swamp:1  | Noticed Frances
 22804 | Swamp:1  | 22804 ||| Stepping ~*~*~tactically~*~*~ (hiding).
 22808 | Swamp:1  | 22808 ||| Stepping ~*~*~tactically~*~*~ (hiding).
 22811 | Swamp:1  | 22811 ||| INVOKING Heroism.
 22819 | Swamp:1  | Killed Frances
 22852 | Swamp:1  | Reached skill level 12 in Armour
 23026 | Swamp:1  | 23026 ||| INVOKING Heroism.
 23030 | Swamp:1  | 23030 ||| SWAPPING to -1 demon whip of venom.
 23035 | Swamp:1  | 23035 ||| SWAPPING to +8 broad axe of the Land of Plenty
                  | {protect, Will+ Str+3}.
 23102 | Swamp:2  | 23102 ||| Stepping ~*~*~tactically~*~*~ (stealth).
 23131 | Swamp:2  | 23131 ||| Stepping ~*~*~tactically~*~*~ (hiding).
 23144 | Swamp:2  | 23144 ||| INVOKING Heroism.
 23214 | Swamp:2  | Noticed a thorn hunter
 23215 | Swamp:2  | 23215 ||| INVOKING Heroism.
 23224 | Swamp:2  | Killed a thorn hunter
 23224 | Swamp:2  | Received a gift from Okawaru
 23308 | Swamp:2  | 23308 ||| INVOKING Heroism.
 23328 | Swamp:2  | Identified the +6 quarterstaff of Indignation {flame, Fly
                  | Int+3}
 23337 | Swamp:2  | 23337 ||| Stepping ~*~*~tactically~*~*~ (stealth).
 23339 | Swamp:2  | 23339 ||| Stepping ~*~*~tactically~*~*~ (hiding).
 23341 | Swamp:2  | Noticed a tentacled monstrosity
 23354 | Swamp:2  | Killed a tentacled monstrosity
 23358 | Swamp:2  | 23358 ||| INVOKING Heroism.
 23405 | Swamp:2  | 23405 ||| INVOKING Heroism.
 23413 | Swamp:2  | 23413 ||| Stepping ~*~*~tactically~*~*~ (stealth).
 23447 | Swamp:2  | 23447 ||| Stepping ~*~*~tactically~*~*~ (hiding).
 23466 | Swamp:2  | 23466 ||| Stepping ~*~*~tactically~*~*~ (hiding).
 23467 | Swamp:2  | 23467 ||| Stepping ~*~*~tactically~*~*~ (hiding).
 23754 | Swamp:2  | Identified the staff of fire "Fytut" {*Corrode rElec rF+
                  | Str+5}
 23889 | Swamp:3  | Reached skill level 18 in Axes
 23898 | Swamp:3  | 23898 ||| INVOKING Heroism.
 23944 | Swamp:3  | Reached XP level 17. HP: 108/108 MP: 24/24
 23973 | Swamp:3  | Identified the +1 dagger of Truth {protect, Str+2 Dex+3}
 23993 | Swamp:3  | 23993 ||| INVOKING Heroism.
 23995 | Swamp:3  | 23995 ||| Stepping ~*~*~tactically~*~*~ (stealth).
 24012 | Swamp:3  | 24012 ||| SWAPPING to -1 demon whip of venom.
 24016 | Swamp:3  | 24016 ||| SWAPPING to +8 broad axe of the Land of Plenty
                  | {protect, Will+ Str+3}.
 24082 | Swamp:3  | 24082 ||| INVOKING Heroism.
 24211 | Swamp:3  | 24211 ||| INVOKING Heroism.
 24214 | Swamp:3  | 24214 ||| SWAPPING to -1 demon whip of venom.
 24219 | Swamp:3  | 24219 ||| SWAPPING to +8 broad axe of the Land of Plenty
                  | {protect, Will+ Str+3}.
 24309 | Swamp:3  | 24309 ||| Stepping ~*~*~tactically~*~*~ (hiding).
 24516 | Swamp:3  | Noticed Jorgrun
 24517 | Swamp:3  | 24517 ||| Stepping ~*~*~tactically~*~*~ (hiding).
 24530 | Swamp:3  | 24530 ||| INVOKING Heroism.
 24531 | Swamp:3  | Killed Jorgrun
 24594 | Swamp:3  | 24594 ||| PLANNING SPIDER:1-3
 24594 | Swamp:3  | 24594 ||| UPGRADING to +4 ring of protection.
 24596 | Swamp:3  | 24596 ||| READING scroll labelled AFOOGO ARPHOBIM.
 24699 | Spider:1 | Entered Level 1 of the Spider Nest
 24853 | Spider:1 | Noticed Aizul
 24854 | Spider:1 | 24854 ||| Stepping ~*~*~tactically~*~*~ (hiding).
 24857 | Spider:1 | 24857 ||| INVOKING Heroism.
 24858 | Spider:1 | 24858 ||| INVOKING Finesse.
 24880 | Spider:1 | Killed Aizul
 24923 | Spider:1 | 24923 ||| INVOKING Heroism.
 25058 | Spider:1 | 25058 ||| Stepping ~*~*~tactically~*~*~ (hiding).
 25254 | Spider:1 | Received a gift from Okawaru
 25274 | Spider:1 | 25274 ||| Stepping ~*~*~tactically~*~*~ (hiding).
 25276 | Spider:1 | 25276 ||| Stepping ~*~*~tactically~*~*~ (hiding).
 25891 | Spider:2 | 25891 ||| INVOKING Heroism.
 25969 | Spider:2 | 25969 ||| Stepping ~*~*~tactically~*~*~ (stealth).
 26105 | Spider:2 | 26105 ||| Stepping ~*~*~tactically~*~*~ (stealth).
 26359 | Spider:2 | 26359 ||| Stepping ~*~*~tactically~*~*~ (stealth).
 26363 | Spider:2 | 26363 ||| Stepping ~*~*~tactically~*~*~ (stealth).
 26410 | Spider:2 | 26410 ||| Stepping ~*~*~tactically~*~*~ (stealth).
 26438 | Spider:2 | 26438 ||| Stepping ~*~*~tactically~*~*~ (stealth).
 26440 | Spider:2 | Received a gift from Okawaru
 26476 | Spider:2 | 26476 ||| DRINKING 9 potions of curing.
 26476 | Spider:2 | 26476 ||| (to cure confusion)
 26483 | Spider:2 | 26483 ||| INVOKING Heroism.
 26537 | Spider:2 | 26537 ||| INVOKING Heroism.
 26647 | Spider:2 | 26647 ||| Stepping ~*~*~tactically~*~*~ (stealth).
 27053 | Spider:3 | Received a gift from Okawaru
 27167 | Spider:3 | 27167 ||| FLEEEEING.
 27207 | Spider:3 | Reached skill level 15 in Fighting
 27267 | Spider:3 | 27267 ||| INVOKING Heroism.
 27493 | Spider:3 | Received a gift from Okawaru
 27514 | Spider:3 | 27514 ||| INVOKING Heroism.
 27705 | Spider:3 | 27705 ||| PLANNING SWAMP:4
 27842 | Swamp:4  | Entered Level 4 of the Swamp
 27855 | Swamp:4  | 27855 ||| INVOKING Heroism.
 27859 | Swamp:4  | Reached skill level 6 in Dodging
 27860 | Swamp:4  | 27860 ||| SWAPPING to -1 demon whip of venom.
 27884 | Swamp:4  | Received a gift from Okawaru
 27908 | Swamp:4  | 27908 ||| SWAPPING to +8 broad axe of the Land of Plenty
                  | {protect, Will+ Str+3}.
 28015 | Swamp:4  | Noticed Nikola
 28016 | Swamp:4  | 28016 ||| INVOKING Heroism.
 28023 | Swamp:4  | 28023 ||| Stepping ~*~*~tactically~*~*~ (hiding).
 28026 | Swamp:4  | 28026 ||| Stepping ~*~*~tactically~*~*~ (hiding).
 28037 | Swamp:4  | HP: 4/113 [Nikola/arc of chain lightning (60)]
 28038 | Swamp:4  | 28038 ||| READING 8 scrolls of teleportation.
 28042 | Swamp:4  | HP: 6/113 [Nikola/+2 rapier of electrocution (6)]
 28047 | Swamp:4  | 28047 ||| Stepping ~*~*~tactically~*~*~ (hiding).
 28049 | Swamp:4  | 28049 ||| READING 7 scrolls of teleportation.
 28051 | Swamp:4  | HP: 3/113 [Nikola/arc of chain lightning (19)]
 28062 | Swamp:4  | 28062 ||| READING 6 scrolls of teleportation.
 28063 | Swamp:4  | HP: 22/113 [alligator (3)]
 28102 | Swamp:4  | 28102 ||| FLEEEEING.
 28103 | Swamp:4  | 28103 ||| FLEEEEING.
 28104 | Swamp:4  | 28104 ||| FLEEEEING.
 28105 | Swamp:4  | 28105 ||| FLEEEEING.
 28106 | Swamp:4  | 28106 ||| Stepping ~*~*~tactically~*~*~ (hiding).
 28115 | Swamp:4  | 28115 ||| INVOKING Heroism.
 28133 | Swamp:4  | Killed Nikola
 28147 | Swamp:4  | Reached XP level 18. HP: 45/119 MP: 25/25
 28184 | Swamp:4  | 28184 ||| DROPPING -1 demon whip of venom.
 28188 | Swamp:4  | 28188 ||| INVOKING Heroism.
 28254 | Swamp:4  | Identified the +3 flail of the Narrow God {flame, *Corrode
                  | rElec rPois Int+8}
 28474 | Swamp:4  | 28474 ||| Stepping ~*~*~tactically~*~*~ (stealth).
 28486 | Swamp:4  | 28486 ||| Stepping ~*~*~tactically~*~*~ (hiding).
 28489 | Swamp:4  | 28489 ||| Stepping ~*~*~tactically~*~*~ (hiding).
 28518 | Swamp:4  | 28518 ||| INVOKING Heroism.
 28525 | Swamp:4  | Noticed the 27-headed Lernaean hydra
 28537 | Swamp:4  | HP: 20/119 [the 27-headed Lernaean hydra (11)]
 28538 | Swamp:4  | 28538 ||| READING 5 scrolls of teleportation.
 28539 | Swamp:4  | 28539 ||| DRINKING potion of heal wounds.
 28599 | Swamp:4  | 28599 ||| Stepping ~*~*~tactically~*~*~ (hiding).
 28600 | Swamp:4  | 28600 ||| Stepping ~*~*~tactically~*~*~ (hiding).
 28601 | Swamp:4  | 28601 ||| INVOKING Heroism.
 28609 | Swamp:4  | HP: 28/119 [the 27-headed Lernaean hydra (10)]
 28610 | Swamp:4  | 28610 ||| READING 4 scrolls of teleportation.
 28612 | Swamp:4  | Killed the 27-headed Lernaean hydra
 28697 | Swamp:4  | 28697 ||| INVOKING Heroism.
 28717 | Swamp:4  | 28717 ||| READING scroll of enchant armour.
 28717 | Swamp:4  | 28717 ||| ENCHANTING +0 cloak.
 28771 | Swamp:4  | 28771 ||| INVOKING Heroism.
 28884 | Swamp:4  | Got a decaying rune of Zot
 28929 | Swamp:4  | 28929 ||| Stepping ~*~*~tactically~*~*~ (stealth).
 28930 | Swamp:4  | 28930 ||| Stepping ~*~*~tactically~*~*~ (stealth).
 28931 | Swamp:4  | 28931 ||| Stepping ~*~*~tactically~*~*~ (stealth).
 28932 | Swamp:4  | 28932 ||| Stepping ~*~*~tactically~*~*~ (stealth).
 28933 | Swamp:4  | 28933 ||| Stepping ~*~*~tactically~*~*~ (stealth).
 28935 | Swamp:4  | 28935 ||| Stepping ~*~*~tactically~*~*~ (hiding).
 29162 | Swamp:4  | 29162 ||| PLANNING VAULTS:1-4
 29162 | Swamp:4  | 29162 ||| UPGRADING to +2 cloak of preservation.
 29172 | Swamp:4  | 29172 ||| DROPPING +1 cloak.
 29357 | Vaults:1 | Entered Level 1 of the Vaults
 29358 | Vaults:1 | 29358 ||| Stepping ~*~*~tactically~*~*~ (hiding).
 29362 | Vaults:1 | 29362 ||| FLEEEEING.
 29374 | Vaults:1 | Reached skill level 15 in Shields
 29402 | Vaults:1 | Received a gift from Okawaru
 29434 | Vaults:1 | 29434 ||| Stepping ~*~*~tactically~*~*~ (hiding).
 29505 | Vaults:1 | 29505 ||| Stepping ~*~*~tactically~*~*~ (hiding).
 29513 | Vaults:1 | 29513 ||| FLEEEEING.
 29514 | Vaults:1 | 29514 ||| FLEEEEING.
 29515 | Vaults:1 | 29515 ||| FLEEEEING.
 29516 | Vaults:1 | 29516 ||| FLEEEEING.
 29517 | Vaults:1 | 29517 ||| FLEEEEING.
 29553 | Vaults:1 | 29553 ||| Stepping ~*~*~tactically~*~*~ (hiding).
 29555 | Vaults:1 | 29555 ||| Stepping ~*~*~tactically~*~*~ (stealth).
 29557 | Vaults:1 | 29557 ||| Stepping ~*~*~tactically~*~*~ (hiding).
 29565 | Vaults:1 | 29565 ||| INVOKING Heroism.
 29580 | Vaults:1 | 29580 ||| Stepping ~*~*~tactically~*~*~ (hiding).
 29595 | Vaults:1 | 29595 ||| DRINKING 9 potions of curing.
 29595 | Vaults:1 | 29595 ||| (to cure confusion)
 29602 | Vaults:1 | 29602 ||| DRINKING 8 potions of curing.
 29602 | Vaults:1 | 29602 ||| (to cure confusion)
 29626 | Vaults:1 | Received a gift from Okawaru
 29681 | Vaults:1 | 29681 ||| FLEEEEING.
 29682 | Vaults:1 | 29682 ||| Stepping ~*~*~tactically~*~*~ (hiding).
 29790 | Vaults:1 | 29790 ||| INVOKING Heroism.
 29791 | Vaults:1 | 29791 ||| INVOKING Finesse.
 29799 | Vaults:1 | HP: 28/120 [ironbound frostheart/creeping frost[a vault
                  | warden] (16)]
 29800 | Vaults:1 | 29800 ||| READING 3 scrolls of teleportation.
 29803 | Vaults:1 | HP: 2/120 [ironbound frostheart[a vault warden] (14)]
 29803 | Vaults:1 | Demolished by an ironbound frostheart

Levels and vault maps discovered:
D:1:      ncdulo_watergridlock, layout_basic
D:2:      layout_basic
D:3:      layout_loops_ring, gammafunk_temple_overflow_claw,
          nicolae_dithmenos_the_darkroom, serial_shops,
          nicolae_shop_real_fake_doors, shop, ebering_ecumenical_altar_webs,
          kennysheep_generic_room_5
D:4:      layout_loops_ring, vehumet_altar_wand_db, uniq_blork_the_orc,
          uniq_robin
D:5:      layout_basic, nicolae_overflow_hidden_temple, minmay_liquid_box,
          uniq_crazy_yiuf_cottage
D:6:      layout_basic, led_xom_imps, minmay_temple_entry_junction,
          gup_ossuary_entry_pyramid
D:7:      layout_rooms, serial_shops, nicolae_square_shop
D:8:      layout_loops_ring, lemuel_mausoleum_altar_kikubaaqudgha,
          erik_lair_island
D:9:      layout_stronghold, fedhas_altar_4, david_orc_1_choice, enter_bailey_8,
          nicolae_nh_oracle_at_delphi
D:10:     minmay_ornate_pinched, layout_rooms, uniq_psyche
D:11:     layout_roguey
D:12:     layout_loops_ring, due_unseen_surprise, uniq_snorg
D:13:     layout_long_grid, minmay_quadrilaterals
D:14:     layout_roguey, hangedman_vaults_entry_quadrant_bands,
          ebering_ghost_reflecting_pool, enter_trove_2
D:15:     grunt_enter_depths_hoard, layout_basic, minmay_misc_feat_plants
Temple:   nicolae_temple_figure_eight
Lair:1:   layout_cave_pods, minmay_shattered_shrine, uniq_amaemon
Lair:2:   layout_cave_pods, grunt_megastairs_3
Lair:3:   layout_regular_city, skrybe_swamp_entry_bodies,
          nicolae_spider_entry_lesser_pyramids, uniq_nergalle, uniq_gastronok
Lair:4:   layout_hall_layers, minmay_hedge_maze
Lair:5:   grunt_lair_end_beastmaster, layout_regular_city,
          nicolae_slime_entry_slimehenge, minivault_11
Swamp:1:  layout_falls_marsh, nicolae_swamp_big_swirl, uniq_frances
Swamp:2:  layout_basic_swamp, hangedman_swamp_cone, swamp_pool3
Swamp:3:  layout_basic_swamp, evilmike_swamp_ruin_rubble_2, swamp_pool3,
          uniq_jorgrun
Swamp:4:  swamp_old_school, layout_basic_swamp, infiniplex_staircase_pool,
          uniq_nikola
Spider:1: layout_chambers, hangedman_spider_tarantella_strand, uniq_aizul
Spider:2: layout_chambers
Spider:3: layout_spider_delve
Orc:1:    layout_caves, serial_shops, shop
Orc:2:    st_orc_elflike, layout_caves, gammafunk_ghost_wrathful_warriors,
          mines1_david
Vaults:1: gammafunk_ghost_smash, hangedman_vaults_slice, v_misc_4,
          nicolae_vaults_little_squares_1, nicolae_vaults_diffraction_hallways,
          v_pattern_2, nicolae_vaults_network_star, ontoclasm_vaults_ring_small,
          nicolae_vaults_little_squares_3, vaults_dpeg_hooks,
          nicolae_vaults_storage_closets_1, v_alt_pattern_6, layout_vaults_ring,
          serial_shops, nicolae_shop_crystal

Skill      XL: |  1  2  3  4  5  6  7  8  9 10 11 12 13 14 15 16 17 18 |
---------------+-------------------------------------------------------+-----
Axes           | 2 3 4 5 6 7 8 10 11 12 14 15 16 18 | 18.0
Fighting       | 4 5 6 7 9 10 11 12 13 15 16 | 16.0
Dodging        | 1 3 4 5 6 |  6.0
Throwing       | 1 2 5 6 7 |  7.0
Armour         | 4 5 6 7 8 9 10 12 14 | 14.6
Invocations    | 4 8 10 | 10.1
Shields        | 4 5 6 7 9 13 14 15 | 15.0

Action                     |  1- 3 |  4- 6 |  7- 9 | 10-12 | 13-15 | 16-18 || total
---------------------------+-------+-------+-------+-------+-------+-------++-------
  Melee: War axe           |   110 |   104 |   250 |   581 |   536 |       ||  1581
         Demon whip        |       |       |       |       |    42 |    58 ||   100
         Broad axe         |       |       |       |       |   188 |  1001 ||  1189
         Headbutt          |       |       |       |       |       |   290 ||   290
  Throw: Boomerang         |     4 |    28 |    53 |    86 |    84 |     8 ||   263
         Javelin           |       |       |       |       |   111 |   187 ||   298
 Invoke: Heroism           |       |       |     7 |    36 |    20 |    40 ||   103
         Finesse           |       |       |       |       |     5 |     2 ||     7
    Use: Scroll            |     7 |     9 |     5 |     7 |     6 |    11 ||    45
         Potion            |       |     1 |     3 |     4 |     3 |     6 ||    17
   Stab: Distracted        |       |       |       |       |       |     1 ||     1
         Confused          |       |       |       |       |       |     4 ||     4
 Armour: Scale mail        |    41 |       |       |       |       |       ||    41
         Chain mail        |    22 |    47 |   163 |   297 |   507 |    15 ||  1051
         Plate armour      |       |       |       |       |       |   838 ||   838
  Dodge: Dodged            |    53 |    41 |   113 |   241 |   352 |   473 ||  1273
  Block: Buckler           |    19 |    23 |    59 |   125 |   131 |       ||   357
         Kite shield       |       |       |       |       |   166 |   689 ||   855

Table legend:
 A = Non-vault XP
 B = Vault XP
 C = Vault XP percentage of total XP
 D = Non-vault monster count
 E = Vault monster count
 F = Vault count percentage of total count
                 A         B        C        D         E       F
            +---------+---------+-------+---------+---------+-------
      Total |  205942 |   77583 |  27.4 |     724 |     215 |  22.9
            +---------+---------+-------+---------+---------+-------
        D:1 |      18 |       0 |   0.0 |      10 |       0 |   0.0
        D:2 |      24 |       0 |   0.0 |       5 |       0 |   0.0
        D:3 |      58 |       3 |   4.9 |      12 |       2 |  14.3
        D:4 |      68 |     127 |  65.1 |      11 |      14 |  56.0
        D:5 |     894 |       0 |   0.0 |      21 |       0 |   0.0
        D:6 |     951 |     213 |  18.3 |      19 |       5 |  20.8
        D:7 |    2007 |       0 |   0.0 |      34 |       0 |   0.0
        D:8 |    2793 |    1748 |  38.5 |      45 |      19 |  29.7
        D:9 |    2417 |     838 |  25.7 |      23 |      11 |  32.4
       D:10 |    2405 |    3419 |  58.7 |      21 |      14 |  40.0
       D:11 |    5915 |       0 |   0.0 |      13 |       0 |   0.0
       D:12 |    9259 |     942 |   9.2 |      29 |       1 |   3.3
       D:13 |    5637 |    2966 |  34.5 |      12 |       5 |  29.4
       D:14 |   11493 |    4129 |  26.4 |      33 |      20 |  37.7
       D:15 |   11499 |    1753 |  13.2 |      27 |       2 |   6.9
     Lair:1 |    2936 |    6884 |  70.1 |      12 |      17 |  58.6
     Lair:2 |    4570 |     740 |  13.9 |      20 |       2 |   9.1
     Lair:3 |    8357 |    4580 |  35.4 |      29 |       8 |  21.6
     Lair:4 |    9156 |       0 |   0.0 |      29 |       0 |   0.0
     Lair:5 |   15379 |    9471 |  38.1 |      45 |      23 |  33.8
    Swamp:1 |   11117 |    1511 |  12.0 |      23 |       1 |   4.2
    Swamp:2 |   16764 |       0 |   0.0 |      37 |       0 |   0.0
    Swamp:3 |   13063 |    1759 |  11.9 |      21 |       1 |   4.5
    Swamp:4 |   14294 |   16900 |  54.2 |      22 |      24 |  52.2
   Spider:1 |    8639 |    1491 |  14.7 |      24 |       2 |   7.7
   Spider:2 |   12740 |       0 |   0.0 |      32 |       0 |   0.0
   Spider:3 |   11645 |       0 |   0.0 |      32 |       0 |   0.0
      Orc:1 |    4362 |       0 |   0.0 |      38 |       0 |   0.0
      Orc:2 |    1677 |    8193 |  83.0 |      21 |      25 |  54.3
   Vaults:1 |   15805 |    9768 |  38.2 |      24 |      12 |  33.3
    Ossuary |       0 |     148 | 100.0 |       0 |       7 | 100.0
            +---------+---------+-------+---------+---------+-------
